 Dungeon Crawl Stone Soup version 0.28.0-1-gb440e238dd (webtiles) character file.

Game seed: 5108981163875557571

1106 a3don the Ruffian (level 8, -9/67 HPs)
             Began as a Hill Orc Transmuter on Feb 21, 2022.
             Was an Initiate of Nemelex Xobeh.
             Mangled by an orc warrior (10 damage)
             ... on level 6 of the Dungeon.
             The game lasted 00:09:53 (8849 turns).

a3don the Ruffian (Hill Orc Transmuter)             Turns: 8849, Time: 00:09:54

Health: -9/67      AC:  3    Str: 22    XL:     8   Next: 33%
Magic:  11/12      EV: 13    Int:  8    God:    Nemelex Xobeh [......]
Gold:   254        SH:  0    Dex: 18    Spells: 7/13 levels left

rFire   + . .      SeeInvis .   d - +2 dagger (venom)
rCold   . . .      Faith    .   (no shield)
rNeg    + . .      Spirit   .   a - +0 robe
rPois   .          Reflect  .   (helmet currently unavailable)
rElec   .          Harm     .   (no cloak)
rCorr   .          Rampage  .   t - +0 pair of gloves
Will    .....                   (boots currently unavailable)
Stlth   ++........              (no amulet)
HPRegen 0.21/turn               s - ring "Wenysan" {rN+ Str+7 Int-5}
MPRegen 0.13/turn               x - ring "Baryal" {Fly rF+ Dex+7}

@: appendages (expiring), flying
A: horns 2, talons 2
a: End Transformation, Renounce Religion, Draw Escape, Draw Destruction, Draw
Summoning


You were on level 6 of the Dungeon.
You worshipped Nemelex Xobeh.
Nemelex Xobeh was noncommittal.
You had temporarily grown beastly horns and talons.
You visited 2 branches of the dungeon, and saw 7 of its levels.

You collected 254 gold pieces.

Inventory:

Hand Weapons
 d - a +2 dagger of venom (weapon)
 o - a +0 hand axe
 u - a +1 dagger of draining
Missiles
 e - 6 atropa-tipped darts
 k - 5 poisoned darts (quivered)
Armour
 a - a +0 robe (worn)
 c - a +0 helmet (melded)
 t - a +0 pair of gloves (worn)
Jewellery
 s - the ring "Wenysan" (left hand) {rN+ Str+7 Int-5}
   (You found it on level 5 of the Dungeon)

   [ring of positive energy]

   Str:       It affects your strength (+7).
   Int:       It affects your intelligence (-5).
   rN:        It protects you from negative energy.
 v - an amulet of the acrobat
 x - the ring "Baryal" (right hand) {Fly rF+ Dex+7}
   (You found it on level 5 of the Dungeon)

   [ring of flight]

   Dex:       It affects your dexterity (+7).
   rF:        It protects you from fire.
   Fly:       It grants you flight.
 y - a ring of willpower
Wands
 h - a wand of paralysis (2)
 w - a wand of polymorph (6)
Scrolls
 g - 6 scrolls of identify {unknown}
 j - a scroll of enchant armour {unknown}
 l - 3 scrolls of fear {unknown}
 m - 2 scrolls of teleportation {unknown}
 n - a scroll of torment {unknown}
 p - 2 scrolls of summoning {unknown}
 r - a scroll of enchant weapon {unknown}
Potions
 b - 3 potions of curing {unknown}
 f - a potion of heal wounds
 i - a potion of cancellation {unknown}
 q - a potion of lignification {unknown}
 z - a potion of brilliance {unknown}


   Skills:
 + Level 4.4 Fighting
 + Level 3.4 Dodging
 + Level 5.3 Unarmed Combat
 + Level 3.2 Spellcasting
 + Level 2.7 Conjurations
 - Level 2.0 Transmutations
 + Level 2.3 Air Magic
 + Level 2.6 Poison Magic


You had 7 spell levels left.
You knew the following spells:

 Your Spells              Type           Power      Damage    Failure   Level
a - Beastly Appendage     Tmut           8%         N/A       14%         1
b - Wereblood             Tmut           4%         N/A       21%         2
c - Mephitic Cloud        Conj/Pois/Air  5%         N/A       32%         3

Your spell library contained the following spells:

 Spells                   Type           Power      Damage    Failure   Level
 Spider Form              Tmut/Pois      5%         N/A       36%         3
 Ignite Poison            Fire/Tmut/Pois 3%         N/A       45%         3
 Ice Form                 Ice/Tmut       2%         N/A       91%         4
 Freezing Cloud           Conj/Ice/Air   1%         6-21      99%         5


Dungeon Overview and Level Annotations

Branches:
Dungeon (6/15)             Temple (1/1) D:5

Altars:
Ashenzari
Cheibriados
Gozag
Hepliaklqana
Makhleb
Nemelex Xobeh
Qazlal
Ru
Uskayaw
Vehumet
Wu Jian
Yredelemnul
The Shining One


Innate Abilities, Weirdness & Mutations

You have temporarily grown beastly horns and talons.


Message History

The orc warrior barely misses you.
You hear some strange, mumbled words.
A magic dart appears from out of thin air!
The magic dart hits you!
Casting: Beastly Appendage (safe; 14% risk of failure)
Confirm with . or Enter, or press ? or * to list all spells.
You miscast Beastly Appendage.
You are very lightly contaminated with residual magic.
Nothing appears to happen.
The orc hits you but does no damage.
You hit the orc but do no damage. The orc hits you with a +0 club.
Casting: Beastly Appendage (safe; 14% risk of failure)
Confirm with . or Enter, or press ? or * to list all spells.
You grow a pair of large bovine horns.
Your feet morph into talons.
Your +0 helmet melds into your body.
The orc hits you with a +0 club.
You hit the orc but do no damage.
The orc is poisoned.
You claw the orc, but do no damage. Your headbutt misses the orc.
The orc barely misses you.
You hit the orc but do no damage.
The orc looks even sicker.
You claw the orc. You headbutt the orc.
You kill the orc!
You hit the orc. You headbutt the orc.
You kill the orc!
The orc warrior hits you from afar with a +0 glaive!!
Your transformation is almost over.
The orc warrior closely misses you.
Your magical contamination has completely faded away.
Items here: )) [[ †.
You hit the orc warrior but do no damage.
The orc warrior is poisoned.
Your punch misses the orc warrior.
The orc warrior hits you with a +0 glaive!
* * * LOW HITPOINT WARNING * * *
You hit the orc warrior.
The orc warrior looks as sick as possible!
Your kick misses the orc warrior. Your headbutt misses the orc warrior.
The orc warrior is lightly wounded.
The orc warrior hits you with a +0 glaive!
* * * LOW HITPOINT WARNING * * *
The orc warrior hits you from afar with a +0 glaive!
You die...
Your body disappears without a glow.

##### #### #...##### ...#
#........ ...# ######........
...# #..[..........
...#################.............
................@)o{.............
≈......§......######........#####
#....#^§§.....# #........+
^#^.§###......# #........#
≈#^§§#.≈.###### #........#
......^.≈## ######...#
..._......###### ##+##
≈(^..≈..§....... ≈#...^#≈≈#######


You could see an orc warrior (extremely poisoned).

Vanquished Creatures
  Sigmund (D:5)
  3 ogres
  2 phantoms
  A kobold brigand (D:5)
  3 orc priests
  A jelly (D:5)
  A bullfrog skeleton (D:6)
  A hound (D:5)
  Ijyb (D:4)
  2 iguanas
  2 orc wizards (D:4)
  A hound skeleton (D:4)
  8 adders
  A worm (D:5)
  A dart slug (D:3)
  12 orcs
  3 bats
  2 endoplasms (D:1)
  A giant cockroach (D:1)
  5 goblins
  8 hobgoblins
  2 jackals (D:4)
  4 quokkas
  8 ball pythons
  2 frilled lizards (D:2)
  7 kobolds
  A rat (D:2)
84 creatures vanquished.

Notes
Turn   | Place    | Note
-------+----------+-------------------------------------------
     0 | D:1      | a3don the Hill Orc Transmuter began the quest for the Orb.
     0 | D:1      | Reached XP level 1. HP: 16/16 MP: 3/3
   596 | D:1      | Reached XP level 2. HP: 14/23 MP: 2/4
  1554 | D:1      | Reached XP level 3. HP: 27/29 MP: 3/5
  1598 | D:1      | Learned a level 2 spell: Wereblood
  1741 | D:2      | Noticed a phantom
  1750 | D:2      | HP: 1/29 [phantom (9)]
  1765 | D:1      | Killed a phantom
  1766 | D:1      | Reached XP level 4. HP: 18/37 MP: 4/7
  1770 | D:1      | Learned a level 3 spell: Mephitic Cloud
  1989 | D:2      | Reached skill level 4 in Unarmed Combat
  1989 | D:2      | Reached XP level 5. HP: 22/42 MP: 6/8
  2469 | D:2      | Found a faded altar of an unknown god.
  4642 | D:4      | Reached XP level 6. HP: 36/50 MP: 5/9
  4655 | D:4      | Reached skill level 1 in Conjurations
  5015 | D:3      | Reached skill level 1 in Air Magic
  5015 | D:3      | Reached skill level 1 in Poison Magic
  6301 | D:4      | Reached XP level 7. HP: 12/57 MP: 8/10
  6629 | D:5      | Entered Level 5 of the Dungeon
  6951 | D:5      | Noticed Ijyb
  6954 | D:5      | Paralysed by Ijyb for 4 turns
  7258 | D:5      | Found a staircase to the Ecumenical Temple.
  7265 | Temple   | Entered the Ecumenical Temple
  7469 | Temple   | Became a worshipper of Nemelex Xobeh the Trickster
  7538 | D:5      | Identified the ring "Wenysan" {rN+ Str+7 Int-5}
  7798 | D:4      | Killed Ijyb
  8092 | D:4      | Reached skill level 5 in Unarmed Combat
  8127 | D:5      | Reached XP level 8. HP: 29/61 MP: 12/12
  8393 | D:5      | Noticed Sigmund
  8409 | D:5      | Killed Sigmund
  8414 | D:5      | Identified the ring "Baryal" {Fly rF+ Dex+7}
  8765 | D:6      | Found a stormy altar of Qazlal.
  8848 | D:6      | HP: 1/67 [orc warrior (15)]
  8849 | D:6      | Mangled by an orc warrior

Illustrated notes

Levels and vault maps discovered:
D:1:      wander_arrival_lonely_grave, layout_loops_corners,
          amcnicky_mini_pool_small, nicolae_figureground_sparkle
D:2:      layout_basic, ebering_ecumenical_altar_petrified
D:3:      layout_basic
D:4:      layout_rooms
D:5:      layout_basic, temple_green, corner_web_ring,
          chequers_serial_rivers_small_3, minmay_checkerbox, uniq_sigmund,
          uniq_ijyb
D:6:      layout_basic, grunt_qazlal_sundering, kennysheep_mini_moat,
          mainiacjoe_overflow_24_doors
Temple:   minmay_temple_bridge_abc

Skill      XL: |  1  2  3  4  5  6  7 |
---------------+----------------------+-----
Fighting       | 2 3 4 |  4.4
Dodging        | 2 3 |  3.4
Spellcasting   | 2 3 |  3.2
Transmutations | 2 |  2.0
Unarmed Combat | 4 5 |  5.3
Conjurations   | 1 2 |  2.7
Air Magic      | 1 2 |  2.3
Poison Magic   | 1 2 |  2.6

Action                   |  1- 3 |  4- 6 |  7- 9 || total
-------------------------+-------+-------+-------++-------
Melee: Unarmed           |    29 |       |       ||    29
       Headbutt          |     5 |    13 |    13 ||    31
       Punch             |     1 |     7 |       ||     8
       Dagger            |    35 |   148 |    71 ||   254
       Kick              |     8 |    29 |    24 ||    61
Throw: Dart              |       |     3 |       ||     3
 Cast: Beastly Appendage |    19 |    35 |    15 ||    69
       Wereblood         |       |     1 |       ||     1
Evoke: Wand              |       |       |     5 ||     5
  Use: Potion            |     1 |       |       ||     1
 Stab: Sleeping          |     2 |     1 |       ||     3
       Paralysed         |       |       |     4 ||     4
Armor: Robe              |     9 |    25 |    10 ||    44
Dodge: Dodged            |    36 |    78 |    33 ||   147
